 Dungeon Crawl Stone Soup version 0.22-a0-601-gb0ed703 (webtiles) character file.

368 vineage the Cudgeler (level 6, -1/37 HPs)
             Began as a Gargoyle Fighter on July 6, 2018.
             Slain by an ogre
             ... wielding a +0 giant club
              (18 damage)
             ... on level 5 of the Dungeon.
             The game lasted 00:05:34 (3726 turns).

vineage the Cudgeler (Gargoyle Fighter)             Turns: 3726, Time: 00:05:34

Health: -1/37      AC: 15    Str: 19    XL:     6   Next: 69%
Magic:  6/6        EV:  3    Int:  9    God:
Gold:   242        SH:  9    Dex: 11    Spells: 5/5 levels left

rFire    . . .     SeeInvis .   a - +0 flail
rCold    . . .     Gourm    .   c - +0 shield
rNeg     + . .     Faith    .   v - +0 plate armour
rPois    ∞         Spirit   .   (no helmet)
rElec    +         Reflect  .   (no cloak)
rCorr    .         Harm     .   (no gloves)
MR       .....                  (no boots)
Stlth    ..........             (no amulet)
HPRegen  0.12/turn              m - ring of wizardry
MPRegen  0.10/turn              (no ring)

@: no status effects
A: negative energy resistance 1, electricity resistance, unbreathing,
petrification resistance, rot immunity, AC +4
a: no special abilities


You were on level 5 of the Dungeon.
You were not hungry.

You visited 1 branch of the dungeon, and saw 5 of its levels.

You collected 242 gold pieces.

Inventory:

Hand Weapons
 a - a +0 flail (weapon)
Armour
 b - a +0 scale mail
 c - a +0 shield (worn)
 v - a +0 plate armour (worn)
Jewellery
 m - a ring of wizardry (left hand)
Wands
 k - a wand of digging (13)
 p - a wand of random effects (29)
 y - a wand of clouds (4)
Scrolls
 d - a scroll of fear {unknown}
 e - a scroll of enchant armour {unknown}
 g - a scroll of fog {unknown}
 i - 2 scrolls of magic mapping
 j - a scroll of remove curse {unknown}
 n - 4 scrolls of teleportation
 x - a scroll of amnesia {unknown}
Potions
 l - a potion of heal wounds
 o - 2 potions of brilliance
 q - a potion of magic
 r - a potion of agility
 s - a potion of resistance
 t - 3 potions of curing
 u - a potion of flight {unknown}
 w - a potion of haste {unknown}
Comestibles
 f - 8 rations


   Skills:
 + Level 3.3 Fighting
 + Level 6.9 Maces & Flails
 - Level 3.2 Armour
 - Level 3.2 Shields


You had 5 spell levels left.
You didn't know any spells.
Your spell library was empty.

Dungeon Overview and Level Annotations

Branches:
Dungeon (5/15)
 Temple: D:4-7

Altars:
Makhleb
Xom

Shops:
D:4 ?


Innate Abilities, Weirdness & Mutations

You are resistant to torment.
Your stone body is resilient. (AC +4)
You are immune to poison.
You resist negative energy. (rN+)
You are resistant to electric shocks. (rElec)
You can survive without breathing.
You are immune to petrification.
You are immune to rotting.


Message History

The ogre hits you with a giant club!
The orc wizard gestures wildly while chanting.
The orc wizard blinks!
You see here an adder corpse.
You thump the ogre!
The ogre is heavily wounded.
You block the ogre's attack.
You hit the ogre but do no damage.
The ogre is heavily wounded.
The ogre hits you but does no damage.
You sock the ogre!
The ogre is severely wounded.
The ogre hits you with a giant club!
Your plate armour prevents you from hitting the ogre.
The ogre is severely wounded.
You block the ogre's attack.
You hit the ogre but do no damage.
The ogre is severely wounded.
The ogre hits you with a giant club!!
You die...

*,* *,,,,,** *,*,,,*,**#..g..#
*,***,,,,,,*####.#...*,**#..g..#
,,,*****,*,**.......,,....O....#
,,,*,,,*,*,,*.......#..........##
,,,,,,,,,*#.*,.....,#.....#######
,,,*,,,***#.#*#...###.....#### #
*******####..*#...#..........# #
*,,,,,......##...#..........# #
*,,,,,.......*#@##..........####
*,,,,,.......*#O#####...........
*,,,,,..[....##o................
*,,,,,......§.......#(..........
**,,,,,......#.......#...........
,,,,,,,......#...................
,,,,,,,......##..............####
,,,,,,,...,..................#
,,,***,..,*#.........#.#####.####


You could see an ogre and an orc.

Vanquished Creatures
  A bullfrog skeleton (D:4)
  Jessica (D:2)
  Natasha (thrice) (D:2)
  A worker ant (D:5)
  6 gnolls (D:2)
  5 adders
  3 oozes
  2 worms (D:2)
  A dart slug (D:1)
  2 leopard geckos
  4 orcs
  12 bats
  5 giant cockroaches
  9 goblins
  6 hobgoblins
  9 jackals
  3 quokkas
  4 frilled lizards
  5 kobolds
  9 rats
91 creatures vanquished.

Notes
Turn   | Place    | Note
-------+----------+-------------------------------------------
     0 | D:1      | vineage the Gargoyle Fighter began the quest for the Orb.
     0 | D:1      | Reached XP level 1. HP: 14/14 MP: 1/1
   111 | D:1      | Reached XP level 2. HP: 15/19 MP: 2/2
   152 | D:1      | Reached skill level 3 in Maces & Flails
   226 | D:1      | Reached XP level 3. HP: 15/23 MP: 3/3
   594 | D:1      | Reached skill level 4 in Maces & Flails
   711 | D:2      | Noticed Jessica
   715 | D:2      | Killed Jessica
   715 | D:2      | Reached XP level 4. HP: 28/28 MP: 4/4
   990 | D:2      | Noticed Natasha
  1029 | D:2      | Killed Natasha
  1029 | D:2      | Reached skill level 5 in Maces & Flails
  1029 | D:2      | Reached XP level 5. HP: 12/32 MP: 5/5
  1127 | D:2      | Noticed Natasha
  1141 | D:2      | Killed Natasha
  1401 | D:2      | Noticed Natasha
  1418 | D:2      | Killed Natasha
  1829 | D:2      | Reached skill level 6 in Maces & Flails
  1832 | D:2      | Reached XP level 6. HP: 22/37 MP: 6/6
  1880 | D:2      | Found a shimmering altar of Xom.
  2929 | D:4      | Found a burning altar of Makhleb.
  3238 | D:4      | Found Titizir's Magic Scroll Shoppe.
  3305 | D:5      | Entered Level 5 of the Dungeon
  3726 | D:5      | Slain by an ogre

Vault maps used:
D:1:      ebering_hopf_link, minmay_cut_off
D:2:      first_ration, hangedman_abyss_or_decor_stabs,
          minmay_misc_feat_four_crosses, kennysheep_big_empty_room, st_stairs_9,
          tgw_xom, uniq_natasha, uniq_jessica
D:3:      lemuel_upstairs_altar
D:4:      kennysheep_mini, serial_shops, nicolae_shop_crystal

Skill      XL: |  1  2  3  4  5 |
---------------+----------------+-----
Maces & Flails | 3 4 5 6 |  6.9
Fighting       | |  3.3
Armour         | |  3.2
Shields        | |  3.2

Action                   |  1- 3 |  4- 6 || total
-------------------------+-------+-------++-------
Melee: Flail             |   106 |   278 ||   384
  Use: Potion            |       |     1 ||     1
       Scroll            |       |     8 ||     8
  Eat: Chunk             |       |     7 ||     7
       Ration            |       |     1 ||     1
Armor: Scale mail        |    63 |   136 ||   199
       Plate armour      |       |    33 ||    33
Dodge: Dodged            |    32 |    84 ||   116
Block: Shield            |    65 |   130 ||   195

Table legend:
 A = Spawn XP
 B = Non-spawn XP
 C = Spawn XP percentage of total XP
 D = Spawn monster count
 E = Non-spawn monster count
 F = Spawn count percentage of total count
 G = Total turns spent on level
                    A         B        C        D         E        F      G
               +---------+---------+-------+---------+---------+-------+---------
         Total |       0 |     527 |   0.0 |       0 |      91 |   0.0 |  3726
               +---------+---------+-------+---------+---------+-------+---------
           D:1 |       0 |      70 |   0.0 |       0 |      31 |   0.0 |   711
           D:2 |       0 |     282 |   0.0 |       0 |      36 |   0.0 |  1249
           D:3 |       0 |      55 |   0.0 |       0 |      17 |   0.0 |   609
           D:4 |       0 |      58 |   0.0 |       0 |       3 |   0.0 |   736
           D:5 |       0 |      62 |   0.0 |       0 |       4 |   0.0 |   421
               +---------+---------+-------+---------+---------+-------+---------
